AoeStats
← [CL] Al3jandr0.magn00

Arabia

503526521Analyzed
1v1 RM · 1mo ago on Sep 1, 2026· 42m 59s· 2 players
Game mode
Random Map
Map size
Tiny (2 player)
Population
200
Speed
Normal
Resources
Standard
Victory
Conquest
Starting age
Dark Age
Ending age
Imperial Age
RankedLock teamsTeams togetherTeam positionsShared explorationLock speedFull tech treeHidden civsTurbo modeCheats
Victory
Defeat
🇨🇱 Burmese · Chile
2013
+12
🇦🇷 Inca · Argentina
1921
-12
[CL] Al3jandr0.magn00
6:26 Loom
8:51 Feudal Age
9:24 Double-Bit Axe
15:15 Champi Runner
16:47 Town Watch
20:41 Fletching
25:06 Castle Age
25:00 Padded Archer Armor
25:10 Horse Collar
25:22 Gold Mining
25:14 Crossbowman
26:11 Bodkin Arrow
29:58 Bow Saw
31:22 Wheelbarrow
35:58 Imperial Age
36:44 Bracer
39:50 Ballistics
39:55 Hand Cart
42:16 Chemistry
42:46 Scale Mail Armor
EXILE | Jürgen
6:24 Loom
8:55 Feudal Age
9:28 Horse Collar
17:49 Fletching
23:48 Castle Age
22:07 Padded Archer Armor
23:45 Gold Mining
23:45 Stone Mining
24:40 Bodkin Arrow
25:09 Crossbowman
30:15 Bloodlines
34:01 Wheelbarrow
34:16 Heavy Plow
37:39 Imperial Age
36:12 Hand Cart
36:23 Husbandry
36:21 Town Watch
37:30 Masonry
39:30 Chemistry
39:00 Architecture
37:56 Light Cavalry
39:28 Scale Barding Armor
40:09 Conscription
42:25 Chain Barding Armor
Connection lost

Rejoining the realm…

Still unreachable

The connection could not be restored.

Session expired

The server has moved on; the page needs a fresh start.